Blackhawks vs Capitals

Created - 11 octobre 2015 at 22:36

Goals
1 2 3 T
Blackhawks 2 0 1 3
Capitals 2 2 1 5
Shots
1 2 3 T
Blackhawks 18 5 12 35
Capitals 6 16 2 24

1st period

1. Capitals , James Neal 2 (Marek Zidlicky, Jaroslav Halak) at 1:16
2. Capitals , Phil Kessel 2 (Marek Zidlicky, Brian Campbell) at 13:40
3. Blackhawks , Dominic Moore 1 (Daniel Carcillo, Brent Burns) at 13:50
4. Blackhawks , Brent Burns 1 (Robert Nilsson, Henrik Zetterberg) at 17:13 (PP)

Penalties :
Brent Seabrook (Was) for Roughing (Minor) at 13:53, Patrik Elias (Was) for Roughing (Minor) at 16:57, Tyler Weiman (Chi) for Slashing (Minor) at 19:02 - Chris Higgins served the penalty

2nd period

5. Capitals , Mark Streit 1 (Thomas Vanek, Phil Kessel) at 12:49 (PP)
6. Capitals , Phil Kessel 3 (Pavel Datsyuk, Thomas Vanek) at 13:03

Penalties :
Steve Bernier (Chi) for Boarding (Minor) at 12:45, Brent Seabrook (Was) for Slashing (Minor) at 14:31

3rd period

7. Blackhawks , Robert Nilsson 3 (John Carlson, Brent Burns) at 5:27 (PP)
8. Capitals , Patrik Elias 1 (Logan Couture) at 6:02

Penalties :
Ryan Callahan (Was) for Delaying the game (Minor) at 4:31, Chris Higgins (Chi) for Cross-checking (Minor) at 6:29, Brent Burns (Chi) for Hooking (Minor) at 13:10

Goalie Stats

Jocelyn Thibault (Chi), 5 saves from 6 shots - (0,833), 26:57 minutes
Tyler Weiman (Chi), 14 saves from 18 shots - (0,778), L, 0-1-0, 33:03 minutes
Jaroslav Halak (Was), 32 saves from 35 shots - (0,914), W, 2-2-0, 60:00 minutes

Players Stats for Blackhawks

Player Name              G  A  P  +/- PIM S  H  SB GA TA FO     MP     PP MP  PK MP  
------------------------------------------------------------------------------------
Andy Rogers              0  0  0  -1  0   0  0  1  0  0  0/0    18:45   0:13   3:24 
Brent Burns              1  2  3  -1  2   3  4  4  0  0  0/0    25:27   3:39   1:29 
Chris Campoli            0  0  0  -1  0   0  0  1  0  0  0/0    16:02   1:31   0:28 
Chris Higgins            0  0  0  -1  2   1  2  0  0  0  0/0    15:22   1:40   0:34 
Daniel Carcillo          0  1  1   1  0   1  1  0  1  0  0/0    12:20   0:03   0:34 
Dominic Moore            1  0  1   1  0   2  0  1  1  1  8/13   15:15   0:03   3:30 
Henrik Zetterberg        0  1  1  -2  0   2  1  0  0  0  2/4    19:51   3:27   0:00 
Jamie Langenbrunner      0  0  0  -1  0   0  3  0  0  0  0/0    11:18   0:03   3:30 
Jeff Schultz             0  0  0  -1  0   1  2  2  0  0  0/0    19:11   0:00   3:18 
John Carlson             0  1  1  -1  0   3  1  1  0  0  0/0    22:50   3:47   0:40 
Kris Versteeg            0  0  0  -1  0   6  4  0  0  0  1/2    15:46   3:27   0:00 
Pierre-Marc Bouchard     0  0  0  -1  0   1  2  0  1  0  7/9    14:54   1:40   0:50 
Robert Nilsson           1  1  2  -2  0   13 2  1  1  0  12/24  19:47   3:27   0:00 
Ryan Malone              0  0  0  -1  0   0  0  0  0  0  0/0     7:33   0:00   0:00 
Sheldon Keefe            0  0  0   1  0   1  0  0  0  0  0/0    14:02   0:00   1:41 
Steve Bernier            0  0  0  -2  2   1  1  0  0  0  2/2    18:08   1:40   0:00 
Viktor Kozlov            0  0  0  -1  0   0  0  0  0  0  0/1     9:41   0:00   1:23 
Wes O'Neill              0  0  0  -1  0   0  4  1  1  0  0/0    17:44   1:10   2:43 

Players Stats for Capitals

Player Name              G  A  P  +/- PIM S  H  SB GA TA FO     MP     PP MP  PK MP  
------------------------------------------------------------------------------------
Alexandre Burrows        0  0  0   1  0   0  0  0  0  0  1/1    13:46   1:40   0:47 
Brent Seabrook           0  0  0   0  4   1  2  2  0  2  0/0    23:45   3:40   1:03 
Brian Campbell           0  1  1   3  0   1  1  2  0  0  0/0    20:58   2:21   1:52 
Bryce Salvador           0  0  0   0  0   0  0  2  0  1  0/0    13:47   0:00   0:00 
David Krejci             0  0  0   1  0   0  1  0  0  0  0/0     6:01   0:00   0:00 
Jakub Voracek            0  0  0   1  0   0  0  1  0  0  0/0    10:26   0:28   0:47 
James Neal               1  0  1   0  0   4  1  0  0  0  1/1    11:47   0:00   1:10 
Logan Couture            0  1  1   0  0   0  0  1  0  0  3/13   16:38   2:23   0:00 
Marek Zidlicky           0  2  2   3  0   1  3  0  0  0  0/0    20:56   2:21   1:36 
Mark Giordano            0  0  0   0  0   1  0  2  0  0  0/0    16:39   0:00   2:15 
Mark Streit              1  0  1   0  0   1  0  2  0  1  0/0    25:17   3:40   3:34 
Mikael Samuelsson        0  0  0   0  0   2  0  0  0  0  2/2    12:16   1:06   0:00 
Patrik Elias             1  0  1   0  2   4  1  0  0  0  0/2    18:29   2:23   1:10 
Pavel Datsyuk            0  1  1   2  0   1  2  0  0  1  13/30  22:40   3:11   3:13 
Phil Kessel              2  1  3   2  0   3  1  1  0  0  1/2    11:28   1:14   0:00 
Ryan Callahan            0  0  0   0  2   4  3  0  0  0  1/2    16:37   2:23   0:00 
Thomas Vanek             0  2  2   2  0   1  3  1  1  0  0/0    22:41   3:15   3:13 
Tyler Johnson            0  0  0   0  0   0  1  0  0  0  1/2    10:35   0:00   0:00 

3 Stars

1 - Phil Kessel (Was)
2 - Marek Zidlicky (Was)
3 - Brent Burns (Chi)

Power Play

Blackhawks - 2 on 4 Attempt(s) - 50,00%
Capitals - 1 on 4 Attempt(s) - 25,00%

Penalty Kill

Blackhawks - 3 on 4 Attempt(s) - 75,00% - Score 0 goal in Penalty Kill
Capitals - 2 on 4 Attempt(s) - 50,00% - Score 0 goal in Penalty Kill

Team Stat

Blackhawks - Hits : 27 - Faceoff Wins : 32 - Blocked Shots : 12 - Penalty Minutes : 6
Capitals - Hits : 19 - Faceoff Wins : 23 - Blocked Shots : 14 - Penalty Minutes : 8

Official

Referees : Watson Brad and Ciamaga Chris
Linesman : David Brisebois and Steve Barton

Game Notes

17:13 of 1st period - Blackhawks goal is going for a video replay. After video review, Goal.
Jocelyn Thibault enters game at 13:03 of 2nd period
Phil Kessel is injured at 14:24 of 2nd period (Upper Body)

Finance

Level 1 -- Attendance: 5864 (97,73%) -- Ticket Income 451 528 $
Level 2 -- Attendance: 5000 (100,00%) -- Ticket Income 210 000 $
Level 3 -- Attendance: 1990 (99,50%) -- Ticket Income 53 730 $
Level 4 -- Attendance: 4000 (100,00%) -- Ticket Income 64 000 $
Luxury Box -- Attendance: 855 (85,50%) -- Ticket Income 139 365 $
Game was played at the Verizon Center'
Total Attendance: 17709 (98,38%)
Total Ticket Income: 918 623 $
Other Income: 137 793 $
Total Income: 1 056 416 $

Blackhawks

5 vs 5 Forward 
   Center                   Left Wing                Right Wing               Time % Phy DF OF 
 1 Robert Nilsson           Henrik Zetterberg        Steve Bernier            40     1   2  2  
 2 Pierre-Marc Bouchard     Chris Higgins            Kris Versteeg            30     1   2  2  
 3 Dominic Moore            Daniel Carcillo          Sheldon Keefe            20     1   2  2  
 4 Viktor Kozlov            Ryan Malone              Jamie Langenbrunner      10     1   2  2  

5 vs 5 Defense 
   Defense                  Defense                                           Time % Phy DF OF 
 1 Brent Burns              John Carlson                                      40     1   2  2  
 2 Jeff Schultz             Chris Campoli                                     30     1   2  2  
 3 Wes O'Neill              Andy Rogers                                       20     1   2  2  
 4 Brent Burns              Jeff Schultz                                      10     1   2  2  

PowerPlay Forward 
   Center                   Left Wing                Right Wing               Time % Phy DF OF 
 1 Robert Nilsson           Henrik Zetterberg        Kris Versteeg            60     1   2  2  
 2 Pierre-Marc Bouchard     Chris Higgins            Steve Bernier            40     1   2  2  

PowerPlay Defense
   Defense                  Defense                                           Time % Phy DF OF 
 1 Brent Burns              John Carlson                                      60     1   2  2  
 2 John Carlson             Chris Campoli                                     40     1   2  2  

Penalty Kill 4 Players Forward 
   Center                   Wing                     Time % Phy DF OF 
 1 Dominic Moore            Jamie Langenbrunner      60     1   2  2  
 2 Viktor Kozlov            Sheldon Keefe            40     1   2  2  

Penalty Kill 4 Players Defense
   Defense                  Defense                  Time % Phy DF OF 
 1 Andy Rogers              Jeff Schultz             60     1   2  2  
 2 Wes O'Neill              Brent Burns              40     1   2  2  

Penalty Kill - 3 Players Forward 
   Forward                                           Time % Phy DF OF 
 1 Henrik Zetterberg                                 60     1   2  2  
 2 Robert Nilsson                                    40     1   2  2  

Penalty Kill - 3 Players Defense
   Defense                  Defense                  Time % Phy DF OF 
 1 Brent Burns              Jeff Schultz             60     1   2  2  
 2 Andy Rogers              Chris Campoli            40     1   2  2  

4 vs 4 Forward 
   Center                   Wing                     Time % Phy DF OF 
 1 Robert Nilsson           Henrik Zetterberg        60     1   2  2  
 2 Pierre-Marc Bouchard     Kris Versteeg            40     1   2  2  

4 vs 4 Defense
   Defense                  Defense                  Time % Phy DF OF 
 1 Brent Burns              Jeff Schultz             60     1   2  2  
 2 Andy Rogers              Chris Campoli            40     1   2  2  

Last Minutes Offensive
   Center                   Left Wing                Right Wing               Defense                  Defense                  
   Robert Nilsson           Henrik Zetterberg        Kris Versteeg            Brent Burns              Jeff Schultz             

Last Minutes Defensive
   Center                   Left Wing                Right Wing               Defense                  Defense                  
   Robert Nilsson           Henrik Zetterberg        Kris Versteeg            Brent Burns              Jeff Schultz             

Goaltenders
Starting : Tyler Weiman             
Backup : Jocelyn Thibault         

Extra Forwards
Normal : Dominic Moore, Daniel Carcillo, Sheldon Keefe - PP : Dominic Moore, Daniel Carcillo - PK : Sheldon Keefe
Extra Defensemen
Normal : Wes O'Neill, John Carlson, Andy Rogers - PP : Wes O'Neill - PK : John Carlson, Andy Rogers
Penalty Shots
Henrik Zetterberg, Robert Nilsson, Kris Versteeg, Pierre-Marc Bouchard, Jamie Langenbrunner

Capitals

5 vs 5 Forward 
   Center                   Left Wing                Right Wing               Time % Phy DF OF 
 1 Pavel Datsyuk            Thomas Vanek             Phil Kessel              40     1   2  2  
 2 Logan Couture            Patrik Elias             Ryan Callahan            30     1   2  2  
 3 Tyler Johnson            James Neal               Mikael Samuelsson        20     1   2  2  
 4 David Krejci             Alexandre Burrows        Jakub Voracek            10     1   2  2  

5 vs 5 Defense 
   Defense                  Defense                                           Time % Phy DF OF 
 1 Brent Seabrook           Mark Streit                                       40     1   2  2  
 2 Marek Zidlicky           Brian Campbell                                    30     1   2  2  
 3 Bryce Salvador           Mark Giordano                                     20     1   2  2  
 4 Brent Seabrook           Mark Streit                                       10     1   2  2  

PowerPlay Forward 
   Center                   Left Wing                Right Wing               Time % Phy DF OF 
 1 Pavel Datsyuk            Thomas Vanek             Phil Kessel              60     1   2  2  
 2 Logan Couture            Patrik Elias             Ryan Callahan            40     1   2  2  

PowerPlay Defense
   Defense                  Defense                                           Time % Phy DF OF 
 1 Brent Seabrook           Mark Streit                                       60     1   2  2  
 2 Marek Zidlicky           Brian Campbell                                    40     1   2  2  

Penalty Kill 4 Players Forward 
   Center                   Wing                     Time % Phy DF OF 
 1 Pavel Datsyuk            Thomas Vanek             60     1   2  2  
 2 Patrik Elias             James Neal               40     1   2  2  

Penalty Kill 4 Players Defense
   Defense                  Defense                  Time % Phy DF OF 
 1 Brent Seabrook           Mark Streit              60     1   2  2  
 2 Marek Zidlicky           Brian Campbell           40     1   2  2  

Penalty Kill - 3 Players Forward 
   Forward                                           Time % Phy DF OF 
 1 Pavel Datsyuk                                     60     1   2  2  
 2 Thomas Vanek                                      40     1   2  2  

Penalty Kill - 3 Players Defense
   Defense                  Defense                  Time % Phy DF OF 
 1 Brent Seabrook           Mark Streit              60     1   2  2  
 2 Marek Zidlicky           Brian Campbell           40     1   2  2  

4 vs 4 Forward 
   Center                   Wing                     Time % Phy DF OF 
 1 Pavel Datsyuk            Thomas Vanek             60     1   2  2  
 2 Patrik Elias             James Neal               40     1   2  2  

4 vs 4 Defense
   Defense                  Defense                  Time % Phy DF OF 
 1 Brent Seabrook           Mark Streit              60     1   2  2  
 2 Marek Zidlicky           Brian Campbell           40     1   2  2  

Last Minutes Offensive
   Center                   Left Wing                Right Wing               Defense                  Defense                  
   Pavel Datsyuk            Thomas Vanek             Phil Kessel              Brent Seabrook           Mark Streit              

Last Minutes Defensive
   Center                   Left Wing                Right Wing               Defense                  Defense                  
   Pavel Datsyuk            Thomas Vanek             Phil Kessel              Brent Seabrook           Mark Streit              

Goaltenders
Starting : Jaroslav Halak           
Backup : Tim Thomas               

Extra Forwards
Normal : Alexandre Burrows, Mikael Samuelsson, Jakub Voracek - PP : Alexandre Burrows, Mikael Samuelsson - PK : Jakub Voracek
Extra Defensemen
Normal : Bryce Salvador, Mark Giordano, Marek Zidlicky - PP : Bryce Salvador - PK : Mark Giordano, Marek Zidlicky
Penalty Shots
Pavel Datsyuk, Thomas Vanek, Patrik Elias, James Neal, Phil Kessel

% Time on Ice - Blackhawks

Lines # - Real PCT - Wanted PCT - Time Play
Normal Forward
1 - 34% - 40% - 16:46
2 - 27% - 30% - 13:09
3 - 23% - 20% - 11:21
4 - 15% - 10% - 7:33
Normal Defense
1 - 38% - 40% - 18:23
2 - 31% - 30% - 15:18
3 - 24% - 20% - 11:57
4 - 7% - 10% - 3:11
PP Forward
1 - 68% - 60% - 3:30
2 - 32% - 40% - 1:40
PP Defense
1 - 71% - 60% - 3:39
2 - 29% - 40% - 1:31
PK Forward
1 - 77% - 60% - 4:38
2 - 23% - 40% - 1:23
PK Defense
1 - 55% - 60% - 3:18
2 - 45% - 40% - 2:43
PK3 Forward
1 - 0% - 60%
2 - 0% - 40%
PK3 Defense
1 - 0% - 60%
2 - 0% - 40%
44 Forward
1 - 0% - 60%
2 - 0% - 40%
44 Defense
1 - 0% - 60%
2 - 0% - 40%
Last Minute Offensive  - 0:00
Last Minute Defensive  - 0:00
Total
Forward - 60:00
Defense - 60:00

% Time on Ice - Capitals

Lines # - Real PCT - Wanted PCT - Time Play
Normal Forward
1 - 36% - 40% - 17:24
2 - 32% - 30% - 15:29
3 - 20% - 20% - 9:55
4 - 12% - 10% - 6:01
Normal Defense
1 - 35% - 40% - 17:17
2 - 34% - 30% - 16:22
3 - 28% - 20% - 13:42
4 - 3% - 10% - 1:28
PP Forward
1 - 60% - 60% - 3:38
2 - 40% - 40% - 2:23
PP Defense
1 - 61% - 60% - 3:40
2 - 39% - 40% - 2:21
PK Forward
1 - 77% - 60% - 4:00
2 - 23% - 40% - 1:10
PK Defense
1 - 77% - 60% - 3:58
2 - 23% - 40% - 1:12
PK3 Forward
1 - 0% - 60%
2 - 0% - 40%
PK3 Defense
1 - 0% - 60%
2 - 0% - 40%
44 Forward
1 - 0% - 60%
2 - 0% - 40%
44 Defense
1 - 0% - 60%
2 - 0% - 40%
Last Minute Offensive  - 0:00
Last Minute Defensive  - 0:00
Total
Forward - 60:00
Defense - 60:00

Play by Play

1st period


0:01 of 1st period - Henrik Zetterberg wins face-off versus Pavel Datsyuk in neutral zone.
0:35 of 1st period - Snap shot by Patrik Elias.
0:35 of 1st period - Shot Misses the Net.
0:37 of 1st period - Slapshot by Ryan Callahan.
0:37 of 1st period - Shot Blocked by Jeff Schultz.
0:39 of 1st period - Snap shot by Patrik Elias.
0:39 of 1st period - Stopped by Tyler Weiman with a rebound.
1:16 of 1st period - Backhand shot by James Neal.
1:16 of 1st period - Goal by James Neal - Blackhawks : 0 - Capitals : 1.
1:17 of 1st period - Pavel Datsyuk wins face-off versus Robert Nilsson in neutral zone.
1:34 of 1st period - Brent Burns is hit by Phil Kessel and loses puck.
1:41 of 1st period - Robert Nilsson is hit by Pavel Datsyuk and loses puck.
1:56 of 1st period - Brent Burns is hit by Thomas Vanek and loses puck.
2:13 of 1st period - Wrist shot by Robert Nilsson.
2:13 of 1st period - Shot Misses the Net.
2:15 of 1st period - Slapshot by Brent Burns.
2:15 of 1st period - Shot Blocked by Bryce Salvador.
2:17 of 1st period - Slapshot by Jeff Schultz.
2:17 of 1st period - Shot Blocked by Bryce Salvador.
2:19 of 1st period - Slapshot by Jeff Schultz.
2:19 of 1st period - Shot Blocked by Thomas Vanek.
2:29 of 1st period - Snap shot by Henrik Zetterberg.
2:29 of 1st period - Shot Misses the Net.
2:31 of 1st period - Snap shot by Steve Bernier.
2:31 of 1st period - Shot Misses the Net.
2:33 of 1st period - Wrist shot by Robert Nilsson.
2:33 of 1st period - Stopped by Jaroslav Halak with a rebound.
2:35 of 1st period - Snap shot by Robert Nilsson.
2:35 of 1st period - Stopped by Jaroslav Halak without a rebound.
2:36 of 1st period - Logan Couture wins face-off versus Pierre-Marc Bouchard in Capitals zone.
2:36 of 1st period - Logan Couture is hit by Wes O'Neill.
2:52 of 1st period - Patrik Elias is hit by Chris Higgins and loses puck.
4:32 of 1st period - Snap shot by Pierre-Marc Bouchard.
4:32 of 1st period - Shot Blocked by Jakub Voracek.
4:42 of 1st period - Jakub Voracek is hit by Brent Burns and loses puck.
5:07 of 1st period - Snap shot by Dominic Moore.
5:07 of 1st period - Stopped by Jaroslav Halak without a rebound.
5:08 of 1st period - Dominic Moore wins face-off versus Logan Couture in Capitals zone.
5:44 of 1st period - Wrist shot by Pierre-Marc Bouchard.
5:44 of 1st period - Stopped by Jaroslav Halak with a rebound.
5:53 of 1st period - Icing by Pavel Datsyuk.
5:54 of 1st period - Mikael Samuelsson wins face-off versus Robert Nilsson in Capitals zone.
6:03 of 1st period - Snap shot by James Neal.
6:03 of 1st period - Deflect By Tyler Johnson.
6:03 of 1st period - Shot Misses the Net.
6:03 of 1st period - Puck is out of play.
6:04 of 1st period - Robert Nilsson wins face-off versus Pavel Datsyuk in Blackhawks zone.
6:21 of 1st period - Wrist shot by Henrik Zetterberg.
6:21 of 1st period - Deflect By Robert Nilsson.
6:21 of 1st period - Shot Misses the Net.
6:21 of 1st period - Puck is out of play.
6:22 of 1st period - Pierre-Marc Bouchard wins face-off versus Logan Couture in Capitals zone.
6:27 of 1st period - Wrist shot by Kris Versteeg.
6:27 of 1st period - Shot Misses the Net.
6:29 of 1st period - Backhand shot by Pierre-Marc Bouchard.
6:29 of 1st period - Shot Blocked by Brent Seabrook.
6:37 of 1st period - Wrist shot by Kris Versteeg.
6:37 of 1st period - Stopped by Jaroslav Halak with a rebound.
6:39 of 1st period - Wrist shot by Kris Versteeg.
6:39 of 1st period - Stopped by Jaroslav Halak without a rebound.
6:40 of 1st period - Steve Bernier wins face-off versus Phil Kessel in Capitals zone.
6:45 of 1st period - Backhand shot by Robert Nilsson.
6:45 of 1st period - Shot Misses the Net.
6:47 of 1st period - Slapshot by Robert Nilsson.
6:47 of 1st period - Stopped by Jaroslav Halak with a rebound.
6:49 of 1st period - Wrist shot by Chris Campoli.
6:49 of 1st period - Deflect By Henrik Zetterberg.
6:49 of 1st period - Stopped by Jaroslav Halak without a rebound.
6:50 of 1st period - Robert Nilsson wins face-off versus Pavel Datsyuk in Capitals zone.
7:03 of 1st period - Wrist shot by Robert Nilsson.
7:03 of 1st period - Stopped by Jaroslav Halak without a rebound.
7:04 of 1st period - Logan Couture wins face-off versus Kris Versteeg in Capitals zone.
7:19 of 1st period - Snap shot by Ryan Callahan.
7:19 of 1st period - Stopped by Tyler Weiman with a rebound.
8:03 of 1st period - Snap shot by Viktor Kozlov.
8:03 of 1st period - Shot Misses the Net.
10:14 of 1st period - Brian Campbell is hit by Wes O'Neill and loses puck.
10:21 of 1st period - Jamie Langenbrunner is hit by Marek Zidlicky and loses puck.
10:32 of 1st period - Ryan Malone is hit by Thomas Vanek and loses puck.
11:26 of 1st period - Snap shot by Kris Versteeg.
11:26 of 1st period - Stopped by Jaroslav Halak without a rebound.
11:27 of 1st period - Dominic Moore wins face-off versus Pavel Datsyuk in Capitals zone.
11:38 of 1st period - Slapshot by Daniel Carcillo.
11:38 of 1st period - Stopped by Jaroslav Halak without a rebound.
11:39 of 1st period - Robert Nilsson wins face-off versus Pavel Datsyuk in Capitals zone.
11:44 of 1st period - Wrist shot by Robert Nilsson.
11:44 of 1st period - Stopped by Jaroslav Halak with a rebound.
11:46 of 1st period - Snap shot by Robert Nilsson.
11:46 of 1st period - Shot Misses the Net.
11:48 of 1st period - Wrist shot by Robert Nilsson.
11:48 of 1st period - Stopped by Jaroslav Halak without a rebound.
11:49 of 1st period - Phil Kessel wins face-off versus Robert Nilsson in Capitals zone.
11:58 of 1st period - Wrist shot by Pavel Datsyuk.
11:58 of 1st period - Shot Misses the Net.
12:18 of 1st period - Henrik Zetterberg is hit by Thomas Vanek.
12:24 of 1st period - Wrist shot by Henrik Zetterberg.
12:24 of 1st period - Shot Misses the Net.
12:26 of 1st period - Slapshot by John Carlson.
12:26 of 1st period - Deflect By Henrik Zetterberg.
12:26 of 1st period - Shot Blocked by Brian Campbell.
12:26 of 1st period - Puck is out of play.
12:27 of 1st period - Pierre-Marc Bouchard wins face-off versus Ryan Callahan in Capitals zone.
12:49 of 1st period - Icing by Chris Campoli.
12:50 of 1st period - Mikael Samuelsson wins face-off versus Pierre-Marc Bouchard in Blackhawks zone.
13:24 of 1st period - Icing by Thomas Vanek.
13:25 of 1st period - Pavel Datsyuk wins face-off versus Henrik Zetterberg in Capitals zone.
13:30 of 1st period - Wrist shot by Pavel Datsyuk.
13:30 of 1st period - Shot Blocked by Brent Burns.
13:32 of 1st period - Snap shot by Phil Kessel.
13:32 of 1st period - Shot Misses the Net.
13:34 of 1st period - Snap shot by Pavel Datsyuk.
13:34 of 1st period - Shot Blocked by Brent Burns.
13:36 of 1st period - Slapshot by Marek Zidlicky.
13:36 of 1st period - Shot Misses the Net.
13:38 of 1st period - Slapshot by Brian Campbell.
13:38 of 1st period - Shot Blocked by Brent Burns.
13:40 of 1st period - Slapshot by Marek Zidlicky.
13:40 of 1st period - Deflect By Phil Kessel.
13:40 of 1st period - Goal by Phil Kessel - Blackhawks : 0 - Capitals : 2.
13:41 of 1st period - Dominic Moore wins face-off versus Logan Couture in neutral zone.
13:50 of 1st period - Slapshot by Dominic Moore.
13:50 of 1st period - Goal by Dominic Moore - Blackhawks : 1 - Capitals : 2.
13:51 of 1st period - Ryan Callahan wins face-off versus Robert Nilsson in neutral zone.
13:53 of 1st period - Minor Penalty to Brent Seabrook for Roughing.
13:54 of 1st period - Pavel Datsyuk wins face-off versus Robert Nilsson in Capitals zone.
15:04 of 1st period - Wrist shot by Robert Nilsson.
15:04 of 1st period - Shot Misses the Net.
15:06 of 1st period - Snap shot by Robert Nilsson.
15:06 of 1st period - Stopped by Jaroslav Halak with a rebound.
15:08 of 1st period - Snap shot by John Carlson.
15:08 of 1st period - Stopped by Jaroslav Halak without a rebound.
15:09 of 1st period - Pierre-Marc Bouchard wins face-off versus Patrik Elias in Capitals zone.
15:53 of 1st period - Penalty to Brent Seabrook is over, Brent Seabrook is back on ice.
16:32 of 1st period - Wrist shot by Jakub Voracek.
16:32 of 1st period - Shot Blocked by Brent Burns.
16:34 of 1st period - Wrist shot by Brent Seabrook.
16:34 of 1st period - Stopped by Tyler Weiman without a rebound.
16:35 of 1st period - Dominic Moore wins face-off versus Logan Couture in Blackhawks zone.
16:35 of 1st period - Dominic Moore is hit by Ryan Callahan.
16:57 of 1st period - Minor Penalty to Patrik Elias for Roughing.
16:58 of 1st period - Pavel Datsyuk wins face-off versus Robert Nilsson in Capitals zone.
17:11 of 1st period - Wrist shot by Robert Nilsson.
17:11 of 1st period - Shot Blocked by Mark Streit.
17:13 of 1st period - Snap shot by Brent Burns.
17:13 of 1st period - Deflect By Thomas Vanek.
17:13 of 1st period - Blackhawks goal is going for a video replay.
17:13 of 1st period - The goal is good.
17:13 of 1st period - Goal by Brent Burns - Blackhawks : 2 - Capitals : 2.
17:14 of 1st period - Robert Nilsson wins face-off versus Logan Couture in neutral zone.
17:16 of 1st period - Off-side.
17:17 of 1st period - Logan Couture wins face-off versus Henrik Zetterberg in neutral zone.
17:26 of 1st period - Slapshot by Mark Streit.
17:26 of 1st period - Shot Blocked by John Carlson.
17:48 of 1st period - Snap shot by Chris Higgins.
17:48 of 1st period - Stopped by Jaroslav Halak with a rebound.
18:42 of 1st period - Wrist shot by David Krejci.
18:42 of 1st period - Deflect By Jakub Voracek.
18:42 of 1st period - Shot Blocked by Wes O'Neill.
18:42 of 1st period - Puck is out of play.
18:43 of 1st period - Pierre-Marc Bouchard wins face-off versus Pavel Datsyuk in Blackhawks zone.
18:43 of 1st period - Pierre-Marc Bouchard is hit by Marek Zidlicky.
18:50 of 1st period - Off-side.
18:51 of 1st period - Pierre-Marc Bouchard wins face-off versus Pavel Datsyuk in neutral zone.
19:02 of 1st period - Slapshot by Marek Zidlicky.
19:02 of 1st period - Stopped by Tyler Weiman without a rebound.
19:02 of 1st period - Minor Penalty to Tyler Weiman for Slashing.
19:03 of 1st period - Pavel Datsyuk wins face-off versus Dominic Moore in Blackhawks zone.
19:08 of 1st period - Wrist shot by Thomas Vanek.
19:08 of 1st period - Shot Blocked by Jeff Schultz.
19:18 of 1st period - Snap shot by Mark Streit.
19:18 of 1st period - Shot Misses the Net.
19:58 of 1st period - Snap shot by Sheldon Keefe.
19:58 of 1st period - Shot Hit the Post.
Goals for this period are 2 for Blackhawks vs 2 for Capitals.
Shots for this period are 18 for Blackhawks vs 6 for Capitals.

2nd period


0:01 of 2nd period - Pavel Datsyuk wins face-off versus Dominic Moore in neutral zone.
0:16 of 2nd period - Backhand shot by Pavel Datsyuk.
0:16 of 2nd period - Shot Misses the Net.
1:02 of 2nd period - Penalty to Chris Higgins is over, Chris Higgins is back on ice.
1:18 of 2nd period - Snap shot by James Neal.
1:18 of 2nd period - Shot Misses the Net.
1:36 of 2nd period - Wrist shot by Jakub Voracek.
1:36 of 2nd period - Shot Misses the Net.
1:38 of 2nd period - Slapshot by Mark Giordano.
1:38 of 2nd period - Stopped by Tyler Weiman without a rebound.
1:39 of 2nd period - Robert Nilsson wins face-off versus Pavel Datsyuk in Blackhawks zone.
1:39 of 2nd period - Robert Nilsson is hit by Brent Seabrook.
2:11 of 2nd period - Pavel Datsyuk is hit by Kris Versteeg and loses puck.
3:31 of 2nd period - Jeff Schultz is hit by Tyler Johnson and loses puck.
3:52 of 2nd period - Brian Campbell is hit by Jeff Schultz and loses puck.
4:13 of 2nd period - Wrist shot by Patrik Elias.
4:13 of 2nd period - Stopped by Tyler Weiman with a rebound.
4:58 of 2nd period - Wrist shot by Daniel Carcillo.
4:58 of 2nd period - Shot Blocked by Mark Giordano.
5:00 of 2nd period - Snap shot by Brent Burns.
5:00 of 2nd period - Stopped by Jaroslav Halak with a rebound.
5:16 of 2nd period - Thomas Vanek is hit by Jamie Langenbrunner and loses puck.
5:52 of 2nd period - Slapshot by Ryan Callahan.
5:52 of 2nd period - Stopped by Tyler Weiman without a rebound.
5:53 of 2nd period - Pierre-Marc Bouchard wins face-off versus Tyler Johnson in Blackhawks zone.
6:06 of 2nd period - Slapshot by James Neal.
6:06 of 2nd period - Stopped by Tyler Weiman without a rebound.
6:07 of 2nd period - Robert Nilsson wins face-off versus Pavel Datsyuk in Blackhawks zone.
6:22 of 2nd period - Slapshot by Pavel Datsyuk.
6:22 of 2nd period - Shot Blocked by Robert Nilsson.
6:32 of 2nd period - Mark Streit is hit by John Carlson.
7:15 of 2nd period - Wes O'Neill is hit by Pavel Datsyuk and loses puck.
8:26 of 2nd period - Snap shot by Mikael Samuelsson.
8:26 of 2nd period - Shot Misses the Net.
8:30 of 2nd period - Wrist shot by Mikael Samuelsson.
8:30 of 2nd period - Stopped by Tyler Weiman without a rebound.
8:31 of 2nd period - Pavel Datsyuk wins face-off versus Robert Nilsson in Blackhawks zone.
8:56 of 2nd period - Marek Zidlicky is hit by Pierre-Marc Bouchard and loses puck.
9:18 of 2nd period - Icing by James Neal.
9:19 of 2nd period - James Neal wins face-off versus Dominic Moore in Capitals zone.
9:19 of 2nd period - James Neal is hit by Brent Burns.
11:09 of 2nd period - Snap shot by Mikael Samuelsson.
11:09 of 2nd period - Stopped by Tyler Weiman with a rebound.
11:17 of 2nd period - Snap shot by James Neal.
11:17 of 2nd period - Shot Misses the Net.
11:27 of 2nd period - Slapshot by Ryan Callahan.
11:27 of 2nd period - Shot Misses the Net.
11:29 of 2nd period - Slapshot by Brian Campbell.
11:29 of 2nd period - Deflect By Robert Nilsson.
11:29 of 2nd period - Stopped by Tyler Weiman with a rebound.
11:31 of 2nd period - Slapshot by Marek Zidlicky.
11:31 of 2nd period - Shot Misses the Net.
11:33 of 2nd period - Wrist shot by Ryan Callahan.
11:33 of 2nd period - Deflect By Logan Couture.
11:33 of 2nd period - Shot Misses the Net.
11:33 of 2nd period - Puck is out of play.
11:34 of 2nd period - Pierre-Marc Bouchard wins face-off versus Logan Couture in Blackhawks zone.
11:34 of 2nd period - Pierre-Marc Bouchard is hit by Ryan Callahan.
11:48 of 2nd period - Snap shot by Patrik Elias.
11:48 of 2nd period - Shot Blocked by Andy Rogers.
12:11 of 2nd period - Snap shot by Pavel Datsyuk.
12:11 of 2nd period - Stopped by Tyler Weiman without a rebound.
12:12 of 2nd period - Robert Nilsson wins face-off versus Logan Couture in Blackhawks zone.
12:19 of 2nd period - Wrist shot by Henrik Zetterberg.
12:19 of 2nd period - Shot Blocked by Logan Couture.
12:21 of 2nd period - Wrist shot by Steve Bernier.
12:21 of 2nd period - Stopped by Jaroslav Halak without a rebound.
12:22 of 2nd period - Robert Nilsson wins face-off versus Patrik Elias in Capitals zone.
12:43 of 2nd period - Snap shot by Ryan Callahan.
12:43 of 2nd period - Stopped by Tyler Weiman with a rebound.
12:45 of 2nd period - Minor Penalty to Steve Bernier for Boarding.
12:46 of 2nd period - Pavel Datsyuk wins face-off versus Dominic Moore in Blackhawks zone.
12:47 of 2nd period - Wrist shot by Phil Kessel.
12:47 of 2nd period - Deflect By Thomas Vanek.
12:47 of 2nd period - Stopped by Tyler Weiman with a rebound.
12:49 of 2nd period - Slapshot by Mark Streit.
12:49 of 2nd period - Goal by Mark Streit - Blackhawks : 2 - Capitals : 3.
12:50 of 2nd period - Pavel Datsyuk wins face-off versus Robert Nilsson in neutral zone.
13:03 of 2nd period - Wrist shot by Phil Kessel.
13:03 of 2nd period - Goal by Phil Kessel - Blackhawks : 2 - Capitals : 4.
13:03 of 2nd period - Jocelyn Thibault enters game.
13:04 of 2nd period - Steve Bernier wins face-off versus Pavel Datsyuk in neutral zone.
13:09 of 2nd period - Phil Kessel is hit by Henrik Zetterberg and loses puck.
13:18 of 2nd period - Pavel Datsyuk is hit by Steve Bernier and loses puck.
13:38 of 2nd period - Slapshot by Phil Kessel.
13:38 of 2nd period - Stopped by Jocelyn Thibault with a rebound.
13:41 of 2nd period - Icing by John Carlson.
13:42 of 2nd period - Dominic Moore wins face-off versus Logan Couture in Blackhawks zone.
13:57 of 2nd period - Brian Campbell is hit by Daniel Carcillo and loses puck.
14:08 of 2nd period - Wrist shot by Dominic Moore.
14:08 of 2nd period - Shot Blocked by Brian Campbell.
14:10 of 2nd period - Slapshot by John Carlson.
14:10 of 2nd period - Shot Misses the Net.
14:12 of 2nd period - Wrist shot by Sheldon Keefe.
14:12 of 2nd period - Shot Misses the Net.
14:14 of 2nd period - Slapshot by John Carlson.
14:14 of 2nd period - Deflect By Patrik Elias.
14:14 of 2nd period - Stopped by Jaroslav Halak without a rebound.
14:15 of 2nd period - Robert Nilsson wins face-off versus Pavel Datsyuk in Capitals zone.
14:24 of 2nd period - Snap shot by Henrik Zetterberg.
14:24 of 2nd period - Shot Blocked by Phil Kessel.
14:24 of 2nd period - Phil Kessel from Capitals is injured at 14:24 of 2nd period (Upper Body).
14:25 of 2nd period - Robert Nilsson wins face-off versus Pavel Datsyuk in Capitals zone.
14:31 of 2nd period - Minor Penalty to Brent Seabrook for Slashing.
14:32 of 2nd period - Pavel Datsyuk wins face-off versus Robert Nilsson in Capitals zone.
14:32 of 2nd period - Pavel Datsyuk is hit by Kris Versteeg.
16:31 of 2nd period - Penalty to Brent Seabrook is over, Brent Seabrook is back on ice.
16:42 of 2nd period - Wrist shot by Brent Seabrook.
16:42 of 2nd period - Shot Misses the Net.
16:44 of 2nd period - Wrist shot by James Neal.
16:44 of 2nd period - Stopped by Jocelyn Thibault with a rebound.
16:46 of 2nd period - Slapshot by Patrik Elias.
16:46 of 2nd period - Stopped by Jocelyn Thibault with a rebound.
16:48 of 2nd period - Wrist shot by James Neal.
16:48 of 2nd period - Shot Misses the Net.
16:50 of 2nd period - Wrist shot by Patrik Elias.
16:50 of 2nd period - Shot Blocked by Dominic Moore.
17:12 of 2nd period - Slapshot by James Neal.
17:12 of 2nd period - Stopped by Jocelyn Thibault without a rebound.
17:13 of 2nd period - Pavel Datsyuk wins face-off versus Viktor Kozlov in Blackhawks zone.
18:43 of 2nd period - Ryan Malone is hit by David Krejci and loses puck.
19:03 of 2nd period - Snap shot by Robert Nilsson.
19:03 of 2nd period - Shot Blocked by Mark Giordano.
19:19 of 2nd period - Slapshot by James Neal.
19:19 of 2nd period - Shot Misses the Net.
19:47 of 2nd period - Wrist shot by Jeff Schultz.
19:47 of 2nd period - Stopped by Jaroslav Halak with a rebound.
19:49 of 2nd period - Slapshot by Robert Nilsson.
19:49 of 2nd period - Stopped by Jaroslav Halak with a rebound.
Goals for this period are 0 for Blackhawks vs 2 for Capitals.
Shots for this period are 5 for Blackhawks vs 16 for Capitals.

3rd period


0:01 of 3rd period - Robert Nilsson wins face-off versus Pavel Datsyuk in neutral zone.
1:50 of 3rd period - Jakub Voracek is hit by Pierre-Marc Bouchard and loses puck.
2:27 of 3rd period - Pavel Datsyuk is hit by Jamie Langenbrunner.
3:06 of 3rd period - Snap shot by Robert Nilsson.
3:06 of 3rd period - Stopped by Jaroslav Halak with a rebound.
3:39 of 3rd period - Snap shot by Patrik Elias.
3:39 of 3rd period - Shot Blocked by Chris Campoli.
3:41 of 3rd period - Snap shot by Ryan Callahan.
3:41 of 3rd period - Stopped by Jocelyn Thibault without a rebound.
3:42 of 3rd period - Dominic Moore wins face-off versus Logan Couture in Blackhawks zone.
3:42 of 3rd period - Dominic Moore is hit by Brent Seabrook.
3:56 of 3rd period - Wrist shot by Dominic Moore.
3:56 of 3rd period - Shot Blocked by Mark Streit.
4:13 of 3rd period - Snap shot by Ryan Callahan.
4:13 of 3rd period - Shot Misses the Net.
4:29 of 3rd period - Snap shot by Sheldon Keefe.
4:29 of 3rd period - Stopped by Jaroslav Halak with a rebound.
4:31 of 3rd period - Minor Penalty to Ryan Callahan for Delaying the game.
4:32 of 3rd period - Robert Nilsson wins face-off versus Pavel Datsyuk in Capitals zone.
4:37 of 3rd period - Wrist shot by Robert Nilsson.
4:37 of 3rd period - Deflect By Kris Versteeg.
4:37 of 3rd period - Stopped by Jaroslav Halak with a rebound.
4:39 of 3rd period - Backhand shot by Kris Versteeg.
4:39 of 3rd period - Shot Misses the Net.
4:41 of 3rd period - Snap shot by Robert Nilsson.
4:41 of 3rd period - Stopped by Jaroslav Halak without a rebound.
4:42 of 3rd period - Kris Versteeg wins face-off versus Pavel Datsyuk in Capitals zone.
5:01 of 3rd period - Slapshot by Kris Versteeg.
5:01 of 3rd period - Stopped by Jaroslav Halak with a rebound.
5:03 of 3rd period - Wrist shot by Kris Versteeg.
5:03 of 3rd period - Shot Misses the Net.
5:05 of 3rd period - Wrist shot by Kris Versteeg.
5:05 of 3rd period - Shot Misses the Net.
5:07 of 3rd period - Wrist shot by Robert Nilsson.
5:07 of 3rd period - Stopped by Jaroslav Halak with a rebound.
5:09 of 3rd period - Snap shot by Robert Nilsson.
5:09 of 3rd period - Stopped by Jaroslav Halak with a rebound.
5:11 of 3rd period - Slapshot by John Carlson.
5:11 of 3rd period - Stopped by Jaroslav Halak with a rebound.
5:25 of 3rd period - Slapshot by John Carlson.
5:25 of 3rd period - Shot Misses the Net.
5:27 of 3rd period - Wrist shot by Robert Nilsson.
5:27 of 3rd period - Goal by Robert Nilsson - Blackhawks : 3 - Capitals : 4.
5:28 of 3rd period - Pavel Datsyuk wins face-off versus Dominic Moore in neutral zone.
5:57 of 3rd period - Chris Campoli is hit by Patrik Elias and loses puck.
6:02 of 3rd period - Snap shot by Logan Couture.
6:02 of 3rd period - Deflect By Patrik Elias.
6:02 of 3rd period - Goal by Patrik Elias - Blackhawks : 3 - Capitals : 5.
6:03 of 3rd period - Alexandre Burrows wins face-off versus Robert Nilsson in neutral zone.
6:29 of 3rd period - Minor Penalty to Chris Higgins for Cross-checking.
6:30 of 3rd period - Dominic Moore wins face-off versus Pavel Datsyuk in Blackhawks zone.
6:56 of 3rd period - Andy Rogers is hit by Ryan Callahan and loses puck.
7:23 of 3rd period - Brian Campbell is hit by Brent Burns and loses puck.
8:27 of 3rd period - Mark Streit is hit by Wes O'Neill and loses puck.
8:29 of 3rd period - Penalty to Chris Higgins is over, Chris Higgins is back on ice.
8:42 of 3rd period - Mikael Samuelsson is hit by Wes O'Neill and loses puck.
9:23 of 3rd period - Marek Zidlicky is hit by Jamie Langenbrunner and loses puck.
10:04 of 3rd period - John Carlson is hit by Marek Zidlicky and loses puck.
11:07 of 3rd period - Slapshot by John Carlson.
11:07 of 3rd period - Shot Misses the Net.
11:35 of 3rd period - Slapshot by Pierre-Marc Bouchard.
11:35 of 3rd period - Shot Blocked by Brent Seabrook.
11:47 of 3rd period - Daniel Carcillo is hit by James Neal and loses puck.
12:00 of 3rd period - Ryan Callahan is hit by Robert Nilsson and loses puck.
12:30 of 3rd period - Patrik Elias is hit by Kris Versteeg and loses puck.
12:35 of 3rd period - Wrist shot by Kris Versteeg.
12:35 of 3rd period - Stopped by Jaroslav Halak without a rebound.
12:36 of 3rd period - Pavel Datsyuk wins face-off versus Robert Nilsson in Capitals zone.
12:57 of 3rd period - Mark Streit is hit by Kris Versteeg and loses puck.
13:10 of 3rd period - Minor Penalty to Brent Burns for Hooking.
13:11 of 3rd period - Dominic Moore wins face-off versus Pavel Datsyuk in Blackhawks zone.
14:33 of 3rd period - Pierre-Marc Bouchard is hit by Brian Campbell and loses puck.
15:02 of 3rd period - Brent Seabrook is hit by Jeff Schultz and loses puck.
15:10 of 3rd period - Penalty to Brent Burns is over, Brent Burns is back on ice.
15:35 of 3rd period - Bryce Salvador is hit by Brent Burns.
15:41 of 3rd period - Wrist shot by Henrik Zetterberg.
15:41 of 3rd period - Stopped by Jaroslav Halak without a rebound.
15:42 of 3rd period - Henrik Zetterberg wins face-off versus Logan Couture in Capitals zone.
16:33 of 3rd period - Alexandre Burrows is hit by Chris Higgins and loses puck.
17:01 of 3rd period - Wrist shot by Robert Nilsson.
17:01 of 3rd period - Shot Misses the Net.
18:03 of 3rd period - Pavel Datsyuk is hit by Robert Nilsson and loses puck.
18:50 of 3rd period - Wrist shot by Henrik Zetterberg.
18:50 of 3rd period - Shot Misses the Net.
19:17 of 3rd period - Icing by Wes O'Neill.
19:18 of 3rd period - Tyler Johnson wins face-off versus Robert Nilsson in Blackhawks zone.
19:57 of 3rd period - Snap shot by Brent Burns.
19:57 of 3rd period - Stopped by Jaroslav Halak with a rebound.
Goals for this period are 1 for Blackhawks vs 1 for Capitals.
Shots for this period are 12 for Blackhawks vs 2 for Capitals.


Output by the SimonT Hockey Simulator (STHS) for François Prévost -- Original Page W3C XHTML 1.0 Valid
Hockey Simulator - Hockey Simulation - Hockey Manager